 Dungeon Crawl Stone Soup version 0.31-a0-210-gccc998df9b (webtiles) character file.

Game seed: 3380647405233512355

6416 qw the Cleaver (level 10, -16/64 HPs)
             Began as a Gargoyle Fighter on June 29, 2023.
             Was a Priest of Okawaru.
             Demolished by an Executioner (20 damage)
             ... on level 1 of the Abyss.
             The game lasted 00:04:29 (7973 turns).

qw the Cleaver (Gargoyle Fighter)                   Turns: 7973, Time: 00:04:30

Health: -16/64     AC: 27    Str: 25    XL:     10   Next: 98%
Magic:  11/13      EV:  9    Int:  8    God:    Okawaru [***...]
Gold:   276        SH:  6    Dex:  9    Spells: 9/9 levels left

rFire   . . .        l - +2 broad axe (flame)
rCold   . . .        c - +0 buckler
rNeg    + . .        i - +0 plate armour
rPois   inf          h - +0 helmet
rElec   +            (no cloak)
rCorr   .            f - +0 pair of gloves
SInv    .            q - +0 pair of boots
Will    .....        (no amulet) Stlth
                     (no ring)
HPRegen 0.30/turn    (no ring)
MPRegen 0.13/turn

%: no passive effects
@: heroic
A: sickness immunity, AC +7, negative energy resistance 1, electricity
resistance, torment resistance 1, petrification resistance
a: Renounce Religion, Heroism


You were on level 1 of the Abyss.
You worshipped Okawaru.
Okawaru was most pleased with you.
You visited 2 branches of the dungeon, and saw 9 of its levels.
You visited the Abyss 1 time.
You also visited: Sewer.

You collected 435 gold pieces.
You spent 159 gold pieces at shops.


Innate Abilities, Weirdness & Mutations

You are immune to sickness and miasma.
Your stone body is resilient. (AC +7)
You are immune to poison.
You resist negative energy. (rN+)
You are resistant to electric shocks. (rElec)
You are resistant to unholy torment.
You are immune to petrification.


   Skills:
 - Level 8.2(13.2) Fighting
 - Level 11.0(16.0) Axes
 - Level 2.1(7.1) Throwing
 + Level 7.3(12.3) Armour
 - Level 1.0(6.0) Dodging
 - Level 5.8(10.8) Shields
 - Level 4.2 Invocations


You had 9 spell levels left.
You didn't know any spells.
Your spell library was empty.

Inventory:

Hand Weapons
 l - a +2 broad axe of flaming (weapon)
Missiles
 o - 3 boomerangs (quivered)
Armour
 a - +0 acid dragon scales
 c - a +0 buckler (worn)
 f - a +0 pair of gloves (worn)
 h - a +0 helmet (worn)
 i - a +0 plate armour (worn)
 p - a +0 cloak
 q - a +0 pair of boots (worn)
Wands
 u - a wand of digging (2)
Scrolls
 s - 2 scrolls of identify
Potions
 b - a potion of resistance
 d - 2 potions of might
 e - 7 potions of curing
 g - a potion of ambrosia {unknown}
 j - a potion of mutation
 k - 3 potions of lignification
 m - 2 potions of magic
 n - 3 potions of attraction
 r - 2 potions of haste

Dungeon Overview and Level Annotations

Branches:
Dungeon (8/15)             Temple (1/1) D:4            Lair (0/5) D:8
  Sewer (visited)

Altars:
Ashenzari
Cheibriados
Dithmenos
Elyvilon
Gozag
Hepliaklqana
Kikubaaqudgha
Nemelex Xobeh
Okawaru
Qazlal
Sif Muna
Trog
Wu Jian
Xom
Yredelemnul
Zin
The Shining One

Shops:
D:3 :   D:5 *

Portals:
Abyss: D:5

Annotations:
D:5 2 transporters, qw's ghost, amateur DEHu


Message History

This branch contains the abyssal rune of Zot.
Waypoint 10 assigned to Abyss:1.
You start resting.
Magic restored.
You start resting.
You feel like a meek peon again.
An Executioner comes into view.
7962 ||| Stepping ~*~*~tactically~*~*~ (stealth).
An Executioner is nearby!
7964 ||| Stepping ~*~*~tactically~*~*~ (stealth).
7965 ||| Stepping ~*~*~tactically~*~*~ (stealth).
An Executioner is nearby!
7967 ||| Stepping ~*~*~tactically~*~*~ (stealth).
7968 ||| Stepping ~*~*~tactically~*~*~ (stealth).
You throw a boomerang. The Executioner gives a hideous shriek!
The boomerang hits the Executioner but does no damage.
You throw a boomerang.
The boomerang completely misses the Executioner.
The Executioner gestures.
The Executioner seems to speed up.
You slash the Executioner! You burn the Executioner.
The Executioner is moderately wounded.
You block the Executioner's attack. The Executioner misses you.
The Executioner closely misses you. The Executioner hits you!
The Executioner hits you but does no damage. x2
The Executioner barely misses you.
The Executioner hits you but does no damage. x2
The Executioner hits you!! The Executioner hits you.
You block the Executioner's attack.
7972 ||| INVOKING Heroism.
You gain the combat prowess of a mighty hero.
The Executioner hits you! The Executioner hits you.
You block the Executioner's attack.
The Executioner hits you but does no damage. x5
You block the Executioner's attack.
You slash the Executioner! You burn the Executioner.
The Executioner is moderately wounded.
The Executioner hits you!!
You die...

#..# ### ...
#..##..## #
#..#....
#..ยค#.......#..
##.#.#.#..# #.#
##..#......#.#...
#...#....@.......
......1#.......
........#........
.................
.................
....... ##......
.......#.........
.#.....##1.......
#....# #......


You could see an Executioner (fast).

Vanquished Creatures
  Pikel (D:8)
  Maurice (D:8)
  Maggie (D:7)
  A komodo dragon (D:8)
  Prince Ribbit (D:8)
  A yak (D:8)
  2 steam dragons (D:8)
  5 water moccasins
  6 black bears
  An orc warrior (D:6)
  3 ice beasts
  A sky beast (D:6)
  4 ogres
  A centaur (D:6)
  2 lemures (D:8)
  5 phantoms
  6 bullfrogs
  A kobold brigand (D:5)
  A gnoll sergeant (D:6)
  2 scorpions (D:4)
  5 wights (D:8)
  4 killer bees (D:8)
  A hound (D:6)
  7 jellies
  A gnoll bouda (D:8)
  2 orc priests
  7 iguanas
  3 sleepcaps (D:4)
  Jessica (D:2)
  6 orc wizards
  11 gnolls
  9 adders
  2 river rats
  4 shadow imps
  2 white imps
  3 ufetubi
  A dart slug (D:4)
  19 orcs
  8 bats
  14 endoplasms
  8 giant cockroaches
  6 hobgoblins
  3 jackals (D:2)
  11 kobolds
  4 quokkas
  7 ball pythons
  4 frilled lizards
  9 goblins
  4 rats
212 creatures vanquished.

Vanquished Creatures (others)
  A black bear (D:5)
  3 scorpions (D:5)
  An iguana (D:5)
  A gnoll (D:8)
  An ufetubus (D:5)
  An orc (D:5)
8 creatures vanquished.

Grand Total: 220 creatures vanquished

Notes
Turn   | Place    | Note
-------+----------+-------------------------------------------
     0 | D:1      | qw the Gargoyle Fighter began the quest for the Orb.
     0 | D:1      | Reached XP level 1. HP: 14/14 MP: 1/1
     0 | D:1      | 0 ||| qw: Version: 0.3-a-24-ga2abf7b
     0 | D:1      | 0 ||| qw: Game counter: 6781
     0 | D:1      | 0 ||| qw: Melee chars always use a shield: true
     0 | D:1      | 0 ||| qw: God list: Okawaru
     0 | D:1      | 0 ||| qw: Allow faded altars: false
     0 | D:1      | 0 ||| qw: Do Orc after clearing Dungeon:15 true
     0 | D:1      | 0 ||| qw: Do second Lair branch before Depths: true
     0 | D:1      | 0 ||| qw: Lair rune preference: random
     0 | D:1      | 0 ||| qw: Goals: Normal, Zot:1-4, Slime:5, God:TSO, Crypt,
                  | Tomb, Abyss, Pan, Hells, Win
     0 | D:1      | 0 ||| PLANNING D:1-11
    60 | D:1      | Reached skill level 2 in Axes
   194 | D:1      | Reached XP level 2. HP: 14/19 MP: 2/2
   296 | D:1      | 296 ||| Stepping ~*~*~tactically~*~*~ (stealth).
   531 | D:1      | 531 ||| UPGRADING to +0 pair of gloves.
   536 | D:1      | 536 ||| READING scroll labelled RUISHRO HECANEU.
   537 | D:1      | 537 ||| READING scroll labelled WYUHUO MEWNU.
   538 | D:1      | 538 ||| READING scroll labelled CIETEQAC LAXKE.
   539 | D:1      | 539 ||| DRINKING 2 metallic coppery potions.
   540 | D:1      | 540 ||| DRINKING 2 smoky clear potions.
   648 | D:2      | Reached skill level 3 in Axes
   700 | D:2      | 700 ||| Stepping ~*~*~tactically~*~*~ (stealth).
   707 | D:2      | Reached XP level 3. HP: 23/23 MP: 3/3
   816 | D:2      | 816 ||| DROPPING +0 club.
   869 | D:2      | 869 ||| Stepping ~*~*~tactically~*~*~ (stealth).
  1051 | D:2      | Noticed Jessica
  1057 | D:2      | Killed Jessica
  1058 | D:2      | Reached skill level 4 in Axes
  1058 | D:2      | Reached XP level 4. HP: 22/28 MP: 4/4
  1272 | D:2      | 1272 ||| UPGRADING to +0 chain mail.
  1282 | D:2      | 1282 ||| DROPPING +0 scale mail.
  1283 | D:2      | 1283 ||| READING scroll labelled ZOASMI JAUHYON.
  1303 | D:2      | 1303 ||| READING scroll labelled NAZO MOOTSUM.
  1307 | D:2      | 1307 ||| READING scroll labelled ZAPUAD FEONET.
  1308 | D:2      | 1308 ||| READING scroll labelled OROIRO RIUSH.
  1309 | D:2      | 1309 ||| READING scroll labelled JEUSIU ERCHYFY.
  1310 | D:2      | 1310 ||| DRINKING 2 golden potions.
  1311 | D:2      | 1311 ||| DRINKING 2 blue potions.
  1493 | D:3      | Found Tofracw's Book Boutique.
  1627 | D:3      | 1627 ||| Stepping ~*~*~tactically~*~*~ (stealth).
  2053 | D:3      | 2053 ||| UPGRADING to +0 helmet.
  2058 | D:3      | 2058 ||| DROPPING ring of magical power.
  2076 | D:4      | 2076 ||| PLANNING SEWER
  2114 | D:4      | Reached XP level 5. HP: 32/32 MP: 5/5
  2114 | D:4      | 2114 ||| Stepping ~*~*~tactically~*~*~ (hiding).
  2116 | D:4      | 2116 ||| Stepping ~*~*~tactically~*~*~ (hiding).
  2122 | D:4      | Noticed an ogre
  2128 | D:4      | HP: 2/32 [ogre/+0 giant club (10)]
  2130 | D:4      | Killed an ogre
  2131 | D:4      | Reached skill level 5 in Axes
  2225 | D:4      | 2225 ||| FLEEEEING.
  2226 | D:4      | 2226 ||| FLEEEEING.
  2271 | D:4      | 2271 ||| READING scroll of enchant weapon.
  2271 | D:4      | 2271 ||| ENCHANTING +1 war axe.
  2273 | D:4      | Found a staircase to the Ecumenical Temple.
  2298 | D:4      | 2298 ||| READING scroll of enchant weapon.
  2298 | D:4      | 2298 ||| ENCHANTING +2 war axe.
  2313 | D:4      | Reached XP level 6. HP: 30/37 MP: 6/6
  2470 | D:4      | Reached skill level 6 in Axes
  2523 | D:4      | Found a glowing drain.
  2526 | D:4      | 2526 ||| DRINKING 2 red potions.
  2536 | Sewer    | Entered a sewer
  2579 | Sewer    | Reached XP level 7. HP: 38/44 MP: 7/7
  2635 | Sewer    | Reached skill level 1 in Dodging
  2739 | Sewer    | 2739 ||| Stepping ~*~*~tactically~*~*~ (water).
  2894 | Sewer    | Found a viscous altar of Jiyva.
  2895 | Sewer    | 2895 ||| Stepping ~*~*~tactically~*~*~ (water).
  2996 | Sewer    | HP: 10/44 [acid (3)]
  2997 | Sewer    | 2997 ||| DRINKING 2 potions of heal wounds.
  2998 | Sewer    | 2998 ||| DRINKING potion of cancellation.
  3108 | Sewer    | 3108 ||| READING 2 scrolls of identify.
  3108 | Sewer    | 3108 ||| IDENTIFYING fizzy golden potion
  3123 | D:4      | 3123 ||| PLANNING TEMPLE
  3151 | Temple   | Entered the Ecumenical Temple
  3319 | Temple   | 3319 ||| PLANNING OKAWARU WORSHIP
  3522 | Temple   | Became a worshipper of Warmaster Okawaru
  3523 | Temple   | 3523 ||| PLANNING D:1-11
  3612 | D:4      | Reached skill level 7 in Axes
  3675 | D:4      | Found a hazy altar of Hepliaklqana.
  3823 | D:4      | 3823 ||| Stepping ~*~*~tactically~*~*~ (hiding).
  3824 | D:4      | 3824 ||| Stepping ~*~*~tactically~*~*~ (hiding).
  4033 | D:4      | Found a shadowy altar of Dithmenos.
  4095 | D:4      | 4095 ||| DRINKING 2 lumpy green potions.
  4096 | D:4      | 4096 ||| DROPPING potion of degeneration.
  4112 | D:5      | Entered Level 5 of the Dungeon
  4147 | D:5      | 4147 ||| Stepping ~*~*~tactically~*~*~ (hiding).
  4253 | D:5      | Reached XP level 8. HP: 48/48 MP: 8/8
  4401 | D:5      | 4401 ||| Stepping ~*~*~tactically~*~*~ (stealth).
  4404 | D:5      | 4404 ||| Stepping ~*~*~tactically~*~*~ (stealth).
  4406 | D:5      | 4406 ||| Stepping ~*~*~tactically~*~*~ (stealth).
  4408 | D:5      | 4408 ||| Stepping ~*~*~tactically~*~*~ (stealth).
  4417 | D:5      | Reached * piety under Okawaru
  4422 | D:5      | Found a shimmering altar of Xom.
  4447 | D:5      | Reached skill level 8 in Axes
  4539 | D:5      | Reached skill level 1 in Invocations
  4545 | D:5      | Found a transporter.
  4546 | D:5      | Found a one-way gate to the infinite horrors of the Abyss.
  4546 | D:5      | Noticed qw's ghost (amateur DEHu)
  4558 | D:5      | Found a transporter.
  4818 | D:5      | Reached skill level 3 in Invocations
  4843 | D:5      | Found Neomath's General Store.
  4846 | D:5      | 4846 ||| FLEEEEING.
  4847 | D:5      | 4847 ||| FLEEEEING.
  4848 | D:5      | 4848 ||| FLEEEEING.
  4850 | D:5      | 4850 ||| FLEEEEING.
  4851 | D:5      | 4851 ||| FLEEEEING.
  4852 | D:5      | 4852 ||| FLEEEEING.
  4853 | D:5      | 4853 ||| FLEEEEING.
  4855 | D:5      | 4855 ||| FLEEEEING.
  4856 | D:5      | 4856 ||| FLEEEEING.
  4857 | D:5      | 4857 ||| FLEEEEING.
  4858 | D:5      | 4858 ||| FLEEEEING.
  4859 | D:5      | 4859 ||| FLEEEEING.
  4873 | D:5      | 4873 ||| FLEEEEING.
  4876 | D:5      | 4876 ||| FLEEEEING.
  4877 | D:5      | 4877 ||| FLEEEEING.
  4884 | D:5      | 4884 ||| FLEEEEING.
  4885 | D:5      | 4885 ||| Stepping ~*~*~tactically~*~*~ (hiding).
  4886 | D:5      | 4886 ||| FLEEEEING.
  4887 | D:5      | 4887 ||| FLEEEEING.
  4893 | D:5      | 4893 ||| FLEEEEING.
  4894 | D:5      | 4894 ||| FLEEEEING.
  4895 | D:5      | 4895 ||| FLEEEEING.
  4896 | D:5      | 4896 ||| FLEEEEING.
  4897 | D:5      | 4897 ||| FLEEEEING.
  4900 | D:5      | 4900 ||| FLEEEEING.
  4901 | D:5      | 4901 ||| FLEEEEING.
  4909 | D:5      | 4909 ||| STAIRDANCE
  4913 | D:5      | 4913 ||| STAIRDANCE
  4917 | D:5      | 4917 ||| STAIRDANCE
  4921 | D:5      | 4921 ||| STAIRDANCE
  4954 | D:5      | 4954 ||| STAIRDANCE
  4958 | D:5      | 4958 ||| STAIRDANCE
  4962 | D:5      | 4962 ||| STAIRDANCE
  4966 | D:5      | 4966 ||| STAIRDANCE
  4973 | D:5      | 4973 ||| STAIRDANCE
  4977 | D:5      | 4977 ||| STAIRDANCE
  4981 | D:5      | 4981 ||| STAIRDANCE
  4985 | D:5      | 4985 ||| STAIRDANCE
  4989 | D:5      | 4989 ||| STAIRDANCE
  4993 | D:5      | 4993 ||| STAIRDANCE
  4997 | D:5      | 4997 ||| STAIRDANCE
  5001 | D:5      | 5001 ||| STAIRDANCE
  5005 | D:5      | 5005 ||| STAIRDANCE
  5009 | D:5      | 5009 ||| STAIRDANCE
  5013 | D:5      | 5013 ||| STAIRDANCE
  5017 | D:5      | 5017 ||| STAIRDANCE
  5062 | D:5      | 5062 ||| FLEEEEING.
  5083 | D:4      | 5083 ||| Stepping randomly (stuck).
  5090 | D:5      | 5090 ||| BUYING scroll of teleportation (42 gold).
  5090 | D:5      | Bought a scroll of teleportation for 42 gold pieces
  5090 | D:5      | 5090 ||| BUYING wand of digging (2) (117 gold).
  5090 | D:5      | Bought a wand of digging (2) for 117 gold pieces
  5144 | D:5      | 5144 ||| INVOKING Heroism.
  5159 | D:5      | 5159 ||| FLEEEEING.
  5160 | D:5      | 5160 ||| Stepping ~*~*~tactically~*~*~ (stealth).
  5162 | D:5      | 5162 ||| Stepping ~*~*~tactically~*~*~ (stealth).
  5163 | D:5      | 5163 ||| Stepping ~*~*~tactically~*~*~ (stealth).
  5185 | D:5      | 5185 ||| DROPPING +0 whip.
  5349 | D:6      | 5349 ||| Stepping ~*~*~tactically~*~*~ (stealth).
  5350 | D:6      | 5350 ||| Stepping ~*~*~tactically~*~*~ (stealth).
  5351 | D:6      | 5351 ||| Stepping ~*~*~tactically~*~*~ (stealth).
  5353 | D:6      | 5353 ||| Stepping ~*~*~tactically~*~*~ (hiding).
  5467 | D:6      | 5467 ||| INVOKING Heroism.
  5474 | D:6      | Reached skill level 6 in Fighting
  5474 | D:6      | Reached XP level 9. HP: 55/55 MP: 8/12
  5541 | D:6      | 5541 ||| Stepping ~*~*~tactically~*~*~ (stealth).
  5569 | D:6      | 5569 ||| Stepping ~*~*~tactically~*~*~ (stealth).
  5573 | D:6      | Found a glowing golden altar of the Shining One.
  5582 | D:6      | 5582 ||| Stepping ~*~*~tactically~*~*~ (stealth).
  5584 | D:6      | 5584 ||| Stepping ~*~*~tactically~*~*~ (hiding).
  5780 | D:6      | 5780 ||| Stepping ~*~*~tactically~*~*~ (stealth).
  5804 | D:6      | Identified the +0 robe of the Lost Path {Int+2}
  5846 | D:6      | 5846 ||| INVOKING Heroism.
  5922 | D:6      | 5922 ||| UPGRADING to +0 pair of boots.
  5927 | D:6      | 5927 ||| DRINKING 2 murky white potions.
  5928 | D:6      | 5928 ||| DRINKING 2 orange potions.
  5929 | D:6      | 5929 ||| READING 3 scrolls of identify.
  5929 | D:6      | 5929 ||| IDENTIFYING murky purple potion
  5930 | D:6      | 5930 ||| READING 2 scrolls of identify.
  5930 | D:6      | 5930 ||| IDENTIFYING bubbling emerald potion
  5931 | D:6      | 5931 ||| DROPPING potion of brilliance.
  5932 | D:6      | 5932 ||| DROPPING potion of berserk rage.
  5940 | D:6      | 5940 ||| INVOKING Heroism.
  5944 | D:6      | 5944 ||| Stepping ~*~*~tactically~*~*~ (hiding).
  5957 | D:6      | 5957 ||| FLEEEEING.
  6067 | D:6      | 6067 ||| INVOKING Heroism.
  6074 | D:6      | Reached skill level 9 in Axes
  6088 | D:6      | 6088 ||| INVOKING Heroism.
  6302 | D:6      | 6302 ||| UPGRADING to +0 plate armour.
  6312 | D:6      | 6312 ||| DROPPING +0 chain mail.
  6381 | D:7      | Found a flagged portal.
  6524 | D:7      | Found a bloodstained altar of Trog.
  6536 | D:7      | 6536 ||| SWAPPING to +0 broad axe.
  6541 | D:7      | 6541 ||| DROPPING +3 war axe.
  6564 | D:7      | Reached skill level 6 in Armour
  6564 | D:7      | Noticed Maggie
  6565 | D:7      | 6565 ||| Stepping ~*~*~tactically~*~*~ (hiding).
  6566 | D:7      | 6566 ||| Stepping ~*~*~tactically~*~*~ (hiding).
  6582 | D:7      | 6582 ||| INVOKING Heroism.
  6586 | D:7      | Killed Maggie
  6591 | D:7      | Reached ** piety under Okawaru
  6604 | D:7      | 6604 ||| FLEEEEING.
  6605 | D:7      | 6605 ||| FLEEEEING.
  6608 | D:7      | 6608 ||| FLEEEEING.
  6609 | D:7      | 6609 ||| STAIRDANCE
  6727 | D:6      | 6727 ||| READING scroll labelled QUIZUM PEMINA.
  6728 | D:6      | 6728 ||| READING 2 scrolls of identify.
  6728 | D:6      | 6728 ||| IDENTIFYING dark potion
  6741 | D:7      | 6741 ||| SWAPPING to +2 broad axe of flaming.
  6742 | D:7      | 6742 ||| DROPPING +0 morningstar.
  6743 | D:7      | 6743 ||| DROPPING +0 broad axe.
  7052 | D:8      | 7052 ||| INVOKING Heroism.
  7081 | D:8      | Noticed Maurice
  7082 | D:8      | 7082 ||| INVOKING Heroism.
  7090 | D:8      | Reached XP level 10. HP: 37/63 MP: 10/13
  7100 | D:8      | Reached skill level 10 in Axes
  7102 | D:8      | HP: 14/63 [bullfrog (4)]
  7103 | D:8      | 7103 ||| READING 2 scrolls of teleportation.
  7104 | D:8      | 7104 ||| DRINKING potion of heal wounds.
  7187 | D:8      | 7187 ||| Stepping ~*~*~tactically~*~*~ (stealth).
  7219 | D:8      | Noticed Pikel
  7229 | D:8      | 7229 ||| INVOKING Heroism.
  7231 | D:8      | Killed Pikel
  7402 | D:8      | 7402 ||| INVOKING Heroism.
  7458 | D:8      | 7458 ||| FLEEEEING.
  7459 | D:8      | 7459 ||| FLEEEEING.
  7460 | D:8      | 7460 ||| FLEEEEING.
  7461 | D:8      | 7461 ||| FLEEEEING.
  7462 | D:8      | 7462 ||| FLEEEEING.
  7463 | D:8      | 7463 ||| FLEEEEING.
  7464 | D:8      | 7464 ||| FLEEEEING.
  7465 | D:8      | 7465 ||| FLEEEEING.
  7466 | D:8      | 7466 ||| FLEEEEING.
  7467 | D:8      | 7467 ||| FLEEEEING.
  7468 | D:8      | 7468 ||| FLEEEEING.
  7469 | D:8      | 7469 ||| FLEEEEING.
  7470 | D:8      | 7470 ||| FLEEEEING.
  7471 | D:8      | 7471 ||| FLEEEEING.
  7472 | D:8      | 7472 ||| FLEEEEING.
  7473 | D:8      | 7473 ||| FLEEEEING.
  7482 | D:8      | 7482 ||| STAIRDANCE
  7514 | D:8      | 7514 ||| READING scroll of teleportation.
  7515 | D:8      | Killed Maurice
  7515 | D:8      | Reached *** piety under Okawaru
  7519 | D:8      | Found a staircase to the Lair.
  7537 | D:8      | 7537 ||| INVOKING Heroism.
  7538 | D:8      | Noticed Prince Ribbit
  7540 | D:8      | 7540 ||| DRINKING 6 potions of curing.
  7540 | D:8      | 7540 ||| (to cure confusion)
  7551 | D:8      | 7551 ||| INVOKING Heroism.
  7560 | D:8      | Killed Prince Ribbit
  7845 | D:8      | Reached skill level 11 in Axes
  7884 | D:8      | 7884 ||| INVOKING Heroism.
  7902 | D:8      | 7902 ||| INVOKING Heroism.
  7902 | Abyss:1  | Cast into level 1 of the Abyss (orc warrior)
  7961 | Abyss:1  | Noticed an Executioner
  7962 | Abyss:1  | 7962 ||| Stepping ~*~*~tactically~*~*~ (stealth).
  7964 | Abyss:1  | 7964 ||| Stepping ~*~*~tactically~*~*~ (stealth).
  7965 | Abyss:1  | 7965 ||| Stepping ~*~*~tactically~*~*~ (stealth).
  7967 | Abyss:1  | 7967 ||| Stepping ~*~*~tactically~*~*~ (stealth).
  7968 | Abyss:1  | 7968 ||| Stepping ~*~*~tactically~*~*~ (stealth).
  7972 | Abyss:1  | 7972 ||| INVOKING Heroism.
  7972 | Abyss:1  | HP: 6/64 [Executioner (16)]
  7973 | Abyss:1  | Demolished by an Executioner

Levels and vault maps discovered:
D:1:      tarquinn_simple_flora_water_e, layout_rooms
D:2:      layout_basic, uniq_jessica
D:3:      layout_loops_corners, serial_shops, shop, minmay_fountain_box
D:4:      layout_basic, nicolae_hepliaklqana_hippocampus,
          nicolae_overflow_hidden_temple, minmay_temple_entry_enclosed_plants,
          cheibrodos_sewer_entry_sluice
D:5:      layout_gridville, xom_confusion_cloud, gammafunk_ghost_abyssal_escape,
          serial_shops, nicolae_stop_n_shop_1, serial_bayou_pond_e,
          nicolae_letterblocks [nicolae_letter_subblock,
          nicolae_letter_subblock, nicolae_letter_subblock,
          nicolae_letter_subblock, nicolae_letter_subblock,
          nicolae_letter_subblock, nicolae_letter_subblock,
          nicolae_letter_subblock, nicolae_letter_subblock,
          nicolae_letter_subblock, nicolae_letter_subblock,
          nicolae_letter_subblock, nicolae_letter_subblock,
          nicolae_letter_subblock, nicolae_letter_subblock,
          nicolae_letter_subblock, nicolae_letter_subblock,
          nicolae_letter_subblock, nicolae_letter_subblock,
          nicolae_letter_subblock, nicolae_letter_subblock,
          nicolae_letter_subblock, nicolae_letter_subblock,
          nicolae_letter_subblock, nicolae_letter_subblock]
D:6:      minmay_clustersquares, layout_basic, tso_metal_star
D:7:      layout_loops_cross, mainiacjoe_overflow_alcove_4, enter_bailey_3,
          uniq_maggie
D:8:      layout_cave_pools, due_lair_maze_entry_diamond, uniq_pikel,
          uniq_prince_ribbit1, uniq_maurice
Temple:   minmay_temple_forest_path
Abyss:1:  base:
D:1

Skill      XL: |  1  2  3  4  5  6  7  8  9 10 |
---------------+-------------------------------+-----
Axes           | 2 3 4 5 6 7 8 9 11 | 11.0
Fighting       | 4 6 7 8 |  8.2
Dodging        | 1 |  1.0
Throwing       | 2 |  2.1
Invocations    | 4 |  4.2
Armour         | 4 6 7 |  7.3
Shields        | 4 5 |  5.8

Action                     |  1- 3 |  4- 6 |  7- 9 | 10-12 || total
---------------------------+-------+-------+-------+-------++-------
  Melee: War axe           |    94 |    98 |   222 |       ||   414
         Broad axe         |       |       |    35 |   110 ||   145
         Unarmed           |       |       |       |    11 ||    11
  Throw: Boomerang         |     2 |    12 |    33 |    28 ||    75
         Javelin           |       |       |    53 |       ||    53
 Invoke: Heroism           |       |       |     9 |     7 ||    16
    Use: Scroll            |     3 |     7 |     5 |     2 ||    17
         Potion            |     2 |     3 |     5 |     2 ||    12
 Armour: Scale mail        |    52 |     2 |       |       ||    54
         Chain mail        |       |    61 |   122 |       ||   183
         Plate armour      |       |       |    29 |   145 ||   174
         Skin              |       |       |       |     4 ||     4
  Dodge: Dodged            |    33 |    32 |    91 |    65 ||   221
  Block: Buckler           |    19 |    17 |    31 |    39 ||   106

Table legend:
 A = Non-vault XP
 B = Vault XP
 C = Vault XP percentage of total XP
 D = Non-vault monster count
 E = Vault monster count
 F = Vault count percentage of total count
                 A         B        C        D         E       F
            +---------+---------+-------+---------+---------+-------
      Total |    4445 |    4721 |  51.5 |     149 |      62 |  29.4
            +---------+---------+-------+---------+---------+-------
        D:1 |      25 |       0 |   0.0 |      16 |       0 |   0.0
        D:2 |      40 |      37 |  48.1 |      17 |       1 |   5.6
        D:3 |      41 |       0 |   0.0 |      12 |       0 |   0.0
        D:4 |     711 |      18 |   2.5 |      20 |       4 |  16.7
        D:5 |     902 |     191 |  17.5 |      21 |       5 |  19.2
        D:6 |     639 |     746 |  53.9 |      15 |      10 |  40.0
        D:7 |     517 |     378 |  42.2 |      13 |       5 |  27.8
        D:8 |    1570 |    3122 |  66.5 |      35 |      14 |  28.6
      Sewer |       0 |     229 | 100.0 |       0 |      23 | 100.0
            +---------+---------+-------+---------+---------+-------
